 Dungeon Crawl Stone Soup version 0.27.1-16-g815e20cd7a (webtiles) character file.

Game seed: 558122759777564089

52 zeram the Sneak (level 4, -3/24 HPs)
             Began as a Kobold Enchanter on Nov 22, 2021.
             Slain by an orc (5 damage)
             ... on level 2 of the Dungeon.
             The game lasted 00:03:13 (2119 turns).

zeram the Sneak (Kobold Enchanter)                  Turns: 2119, Time: 00:03:14

Health: -3/24      AC:  2    Str:  5    XL:     4   Next: 8%
Magic:  7/7        EV: 15    Int: 17    God:
Gold:   77         SH:  0    Dex: 15    Spells: 1/7 levels left

rFire    . . .     SeeInvis .   a - +1 dagger
rCold    . . .     Faith    .   (shield restricted)
rNeg     . . .     Spirit   .   b - +0 robe
rPois    .         Reflect  .   (no helmet)
rElec    .         Harm     .   (no cloak)
rCorr    .         Rampage  .   (no gloves)
Will     .....                  (no boots)
Stlth    ++++......             (no amulet)
HPRegen  0.08/turn              (no ring)
MPRegen  0.10/turn              (no ring)

@: no status effects
A: small, no large weapons, nightstalker 3
a: no special abilities


You were on level 2 of the Dungeon.
You visited 1 branch of the dungeon, and saw 3 of its levels.

You collected 77 gold pieces.

Inventory:

Hand Weapons
 a - a +1 dagger (weapon)
Armour
 b - a +0 robe (worn)
Scrolls
 d - a scroll of fog {unknown}


   Skills:
 - Level 1.3 Short Blades
 - Level 2.4 Dodging
 + Level 6.5 Stealth
 - Level 2.1 Spellcasting
 - Level 3.0 Hexes


You had one spell level left.
You knew the following spells:

 Your Spells              Type           Power      Damage    Failure   Level
a - Corona                Hex            13%        N/A       5%          1
b - Ensorcelled Hibernat  Hex/Ice        14%        N/A       16%         2
c - Tukima's Dance        Hex            12%        N/A       17%         3

Your spell library contained the following spells:

 Spells                   Type           Power      Damage    Failure   Level
 Confusing Touch          Hex            12%        N/A       17%         3
 Dazzling Flash           Conj/Hex       12%        N/A       30%         3


Dungeon Overview and Level Annotations

Branches:
Dungeon (3/15)

Altars:

Annotations:
D:3 Jessica


Innate Abilities, Weirdness & Mutations

You are small and have problems with some larger weapons.
You are completely attuned to the shadows.


Message History

Found a scroll labelled YLAGHI ROKI.
The frilled lizard bites you.
* * * LOW HITPOINT WARNING * * *
The orc misses you. The orc completely misses you.
The frilled lizard closely misses you.
Found a ring mail.
The orc closely misses you.
The orc shouts!
You hear a shout!
The kobold throws a stone.
The stone misses you. The orc hits you with a +0 hand axe.
* * * LOW HITPOINT WARNING * * *
The orc completely misses you. The orc misses you.
The orc closely misses you. x2
The orc hits you with a +0 dagger.
* * * LOW HITPOINT WARNING * * *
The orc barely misses you.
A bat comes into view.
You closely miss the bat. The bat closely misses you.
The orc barely misses you. The bat barely misses you.
A giant cockroach comes into view.
The bat closely misses you. The bat misses you. The bat closely misses you.
Found 18 stones.
The giant cockroach barely misses you. The bat barely misses you.
The giant cockroach bites you but does no damage.
A bat comes into view.
The bat completely misses you. The bat hits you but does no damage.
The bat misses you.
The giant cockroach bites you but does no damage.
The giant cockroach bites you but does no damage.
The bat barely misses you. The bat hits you.
* * * LOW HITPOINT WARNING * * *
The orc hits you with a +0 dagger.
* * * LOW HITPOINT WARNING * * *
The bat barely misses you.
There is a stone staircase leading up here.
The orc barely misses you. The bat closely misses you.
The orc hits you with a +0 hand axe.
You die...

#.......#
###.......#####
#....)........#####
#.................#
#...###............
#...# #........##.#
#...# #...........#
#...# #.......###.# #.
#...# #.....@b..... #.#
#####
#....oo.....####.#
#.....B........#.######
###>.......(.....o.o...
######....##.#.######
##....##.#.#
#..........#
#.....o....#
#..........#


You could see 2 orcs, a giant cockroach and a bat.

Vanquished Creatures
  An adder (D:2)
  2 worms (D:2)
  4 ball pythons (D:1)
  5 endoplasms (D:1)
  2 giant cockroaches (D:1)
  4 hobgoblins
  4 jackals (D:1)
  A quokka (D:1)
  4 bats (D:1)
  A frilled lizard (D:1)
  3 kobolds
  3 rats (D:1)
34 creatures vanquished.

Notes
Turn   | Place    | Note
-------+----------+-------------------------------------------
     0 | D:1      | zeram the Kobold Enchanter began the quest for the Orb.
     0 | D:1      | Reached XP level 1. HP: 10/10 MP: 3/3
   187 | D:1      | Reached XP level 2. HP: 14/15 MP: 5/5
   248 | D:1      | Found a faded altar of an unknown god.
   275 | D:1      | Reached skill level 5 in Stealth
   566 | D:1      | Learned a level 2 spell: Ensorcelled Hibernation
   693 | D:1      | Reached XP level 3. HP: 19/19 MP: 6/6
   736 | D:1      | Learned a level 3 spell: Tukima's Dance
  1242 | D:1      | Reached skill level 6 in Stealth
  1727 | D:3      | Noticed Jessica
  1997 | D:2      | Reached XP level 4. HP: 11/24 MP: 2/7
  2119 | D:2      | Slain by an orc

Illustrated notes

Levels and vault maps discovered:
D:1:      wander_arrival_lonely_grave, layout_loops_ring,
          ebering_ecumenical_altar_webs
D:2:      layout_basic, uniq_sigmund
D:3:      layout_rooms, slow_altar_2, mainiacjoe_overflow_surrounded_room,
          worldfamousw_hep_ancestral_shrine, mainiacjoe_overflow_divided_tiny,
          kennysheep_generic_room_16, uniq_jessica

Skill      XL: |  1  2  3 |
---------------+----------+-----
Stealth        | 5 6 |  6.5
Short Blades   | |  1.3
Dodging        | |  2.4
Spellcasting   | |  2.1
Hexes          | |  3.0

Action                   |  1- 3 |  4- 6 || total
-------------------------+-------+-------++-------
Melee: Dagger            |   114 |     6 ||   120
 Cast: Ensorcelled Hiber |     7 |       ||     7
       Corona            |     1 |       ||     1
  Use: Scroll            |     1 |       ||     1
       Potion            |     1 |       ||     1
 Stab: Sleeping          |    20 |       ||    20
Armor: Robe              |    10 |     4 ||    14
Dodge: Dodged            |    86 |    34 ||   120
